 Dungeon Crawl Stone Soup version 0.31-a0-157-g0643eb4156 (webtiles) character file.

Game seed: 6450965682577058618

23 qw the Shield-Bearer (level 3, -2/23 HPs)
             Began as a Gargoyle Fighter on June 12, 2023.
             Slain by a gnoll
             ... wielding a +0 club
              (3 damage)
             ... on level 2 of the Dungeon.
             The game lasted 00:00:19 (782 turns).

qw the Shield-Bearer (Gargoyle Fighter)              Turns: 782, Time: 00:00:20

Health: -2/23      AC: 13    Str: 18 (21) XL:     3   Next: 0%
Magic:  3/3        EV:  7    Int:  5 (8)  God:
Gold:   66         SH:  4    Dex:  8 (9)  Spells: 2/2 levels left

rFire   . . .        Y - +0 war axe
rCold   . . .        c - +0 buckler
rNeg    + . .        l - +0 chain mail
rPois   inf          (no helmet)
rElec   +            (no cloak)
rCorr   .            (no gloves)
SInv    .            e - +0 pair of boots
Will    .....        (no amulet) Stlth
                     h - +4 ring of slaying {mikee}
HPRegen 0.23/turn    (no ring)
MPRegen 0.08/turn

%: no passive effects
@: no status effects
A: sickness immunity, AC +3, negative energy resistance 1, electricity
resistance, torment resistance 1, petrification resistance
a: no special abilities


You were on level 2 of the Dungeon.
You visited 1 branch of the dungeon, and saw 2 of its levels.

You collected 66 gold pieces.


Innate Abilities, Weirdness & Mutations

You are immune to sickness and miasma.
Your stone body is resilient. (AC +3)
You are immune to poison.
You resist negative energy. (rN+)
You are resistant to electric shocks. (rElec)
You are resistant to unholy torment.
You are immune to petrification.


   Skills:
 - Level 3.2 Fighting
 + Level 3.0 Axes
 - Level 3.2 Armour
 - Level 3.2 Shields


You had 2 spell levels left.
You didn't know any spells.
Your spell library was empty.

Inventory:

Hand Weapons
 f - a +0 whip
 Y - a +0 war axe (weapon)
Armour
 c - a +0 buckler (worn)
 e - a +0 pair of boots (worn)
 l - a +0 chain mail (worn)
Jewellery
 h - a +4 ring of slaying (left hand) {mikee}
Scrolls
 a - a scroll of fog {unknown}
 b - a scroll of noise {unknown}
 k - 2 scrolls of identify
Potions
 d - 2 potions of might
 g - a potion of mutation {unknown}
 i - a potion of heal wounds {unknown}
 n - a potion of ambrosia {unknown}

Dungeon Overview and Level Annotations

Branches:
Dungeon (2/15)

Altars:


Message History

Enter note: You barely miss the ball python.
The ball python bites you but does no damage.
The ball python barely misses you. The ball python closely misses you.
The ball python barely misses you.
You hit the ball python.
You kill the ball python!
A gnoll comes into view. It is wielding a +0 club.
The gnoll shouts!
You hear a shout!
You hear an angry hiss.
An adder comes into view.
A gnoll comes into view. It is wielding a +0 spear.
Enter note:
Enter note: 2 gnolls come into view.
The gnoll shouts! x2
Enter note:
Enter note: A goblin comes into view. It is wielding a +0 dagger.
The goblin shouts!
Enter note:
Enter note: The adder bites you but does no damage.
You block the gnoll's attack. x2
You slash the adder!
You kill the adder!
You hit the gnoll.
The gnoll hits you from afar with a +0 spear.
The gnoll hits you from afar with a +0 halberd.
The gnoll barely misses you.
Your Axes skill increases to level 3!
You have reached level 3!
Your experience leads to an increase in your attributes!
Your base attributes are Str 19, Int 8, Dex 9.
Increase (S)trength, (I)ntelligence, or (D)exterity?
You feel stronger. x2
You completely miss the gnoll.
The gnoll is moderately wounded.
You barely miss the gnoll.
The gnoll hits you from afar with a +0 halberd.
The gnoll hits you from afar with a +0 spear.
The gnoll hits you with a +0 club. x2
You die...

#. #. #. #. #. #+#
###### #.
########.######....#
#.
#...gg.......##....#
##
#....g@..###.##....#
#...g....# #.##....#
#...g....#
#.##....####
..........#
#.........%.
...########
#.........#. ..
#.....#...#. .
#.....#...#.
#.....#...#.
###########.


You could see 4 gnolls and a goblin.

Vanquished Creatures
  An adder (D:2)
  An endoplasm (D:2)
  A giant cockroach (D:1)
  A goblin (D:1)
  A kobold (D:1)
  2 ball pythons (D:2)
  2 bats
  2 frilled lizards
  5 rats
16 creatures vanquished.

Notes
Turn   | Place    | Note
-------+----------+-------------------------------------------
     0 | D:1      | qw the Gargoyle Fighter began the quest for the Orb.
     0 | D:1      | Reached XP level 1. HP: 14/14 MP: 1/1
     0 | D:1      | 0 ||| qw: Version: 0.2-a-29-gc1b59c4
     0 | D:1      | 0 ||| qw: Game counter: 4126
     0 | D:1      | 0 ||| qw: Always use a shield: true
     0 | D:1      | 0 ||| qw: God list: Okawaru
     0 | D:1      | 0 ||| qw: Allow faded altars: false
     0 | D:1      | 0 ||| qw: Do Orc after D:15 true
     0 | D:1      | 0 ||| qw: Do second Lair branch before Depths: true
     0 | D:1      | 0 ||| qw: Lair rune preference: random
     0 | D:1      | 0 ||| qw: Plans: Normal, Zot:1-4, Slime:5, God:TSO, Crypt,
                  | Tomb, Abyss, Pan, Hells, Win
     0 | D:1      | 0 ||| PLANNING D:1-11
   258 | D:1      | Found a faded altar of an unknown god.
   486 | D:1      | 486 ||| UPGRADING to +0 pair of boots.
   491 | D:1      | 491 ||| UPGRADING to +0 chain mail.
   501 | D:1      | 501 ||| DROPPING +0 scale mail.
   502 | D:1      | 502 ||| UPGRADING to +4 ring of slaying {mikee}.
   503 | D:1      | 503 ||| READING scroll labelled ONUIN SUBRI.
   504 | D:1      | 504 ||| READING scroll labelled VAEV YGAXO.
   505 | D:1      | 505 ||| READING 2 scrolls labelled JIGUMU QUMPUWIN.
   506 | D:1      | 506 ||| READING scroll labelled OSYAFI KIOCODGH.
   507 | D:1      | 507 ||| DRINKING 2 sedimented green potions.
   508 | D:1      | 508 ||| DROPPING potion of degeneration.
   560 | D:2      | Reached XP level 2. HP: 17/19 MP: 2/2
   694 | D:2      | 694 ||| DROPPING +0 club.
   782 | D:2      | Reached skill level 3 in Axes
   782 | D:2      | Reached XP level 3. HP: 11/23 MP: 3/3
   782 | D:2      | HP: 1/23 [gnoll/+0 club (6)]
   782 | D:2      | Slain by a gnoll

Levels and vault maps discovered:
D:1:      minmay_arrival_four_houses, layout_rooms,
          shapermc_ecumenical_altar_flowoftime
D:2:      layout_basic, uniq_natasha

Skill      XL: |  1  2 |
---------------+-------+-----
Axes           | 2 3 |  3.0
Fighting       | |  3.2
Armour         | |  3.2
Shields        | |  3.2

Action                     || total
---------------------------++-------
  Melee: War axe           ||    32
    Use: Scroll            ||     4
         Potion            ||     1
 Armour: Scale mail        ||     7
         Chain mail        ||     4
  Dodge: Dodged            ||    13
  Block: Buckler           ||     7

Table legend:
 A = Non-vault XP
 B = Vault XP
 C = Vault XP percentage of total XP
 D = Non-vault monster count
 E = Vault monster count
 F = Vault count percentage of total count
                 A         B        C        D         E       F
            +---------+---------+-------+---------+---------+-------
      Total |      34 |       0 |   0.0 |      16 |       0 |   0.0
            +---------+---------+-------+---------+---------+-------
        D:1 |       9 |       0 |   0.0 |       6 |       0 |   0.0
        D:2 |      25 |       0 |   0.0 |      10 |       0 |   0.0
            +---------+---------+-------+---------+---------+-------
